 Dungeon Sprint DCSS version 0.30-a0-802-gb92711bcdf (webtiles) character file.

Game seed: 16849552967784691030

8300000 BigDaddyOpFi the Intangible (level 21, -7/185 HPs)
             Began as a Djinni Transmuter on Feb 23, 2023.
             Was the Champion of Makhleb.
             Killed from afar by a dread (22 damage)
             ... with damnation
             ... in the Dungeon (Sprint VIII: "Arena of Blood").
             The game lasted 00:01:15 (83 turns).

BigDaddyOpFi the Intangible (Djinni Transmuter)       Turns: 83, Time: 00:01:15

Health: -7/185     AC:  4    Str: 11    XL:     21   Next: 57%
Gold:   0          EV: 32    Int: 18    God:    Makhleb [******] SH:  0 Dex: 20

rFire   + + .      SeeInvis .    h - +∞ Axe of Woe
rCold   x . .      Faith    .    (shield currently unavailable)
rNeg    . . .      Spirit   .    a - +0 robe
rPois   ∞          Reflect  .    (no helmet)
rElec   .          Harm     .    (no cloak)
rCorr   .          Rampage  .    (no gloves)
Will    ++...      NoTele   +    (boots unavailable)
Stlth   +++++++++                (no amulet)
HPRegen 0.50/turn                (no ring)
MPRegen 0.00/turn                (no ring)

@: flying
A: sickness immunity, fire resistance 2, cold vulnerability 1, float, innate
caster, HP casting, extra vitality 1
a: Renounce Religion, Minor Destruction, Lesser Servant of Makhleb, Major
Destruction, Greater Servant of Makhleb


You were in the Dungeon.
You worshipped Makhleb.
Makhleb was exalted by your worship.
You visited 1 branch

Inventory:

Hand Weapons
 h - the +∞ Axe of Woe (weapon)
   (You found it in the Dungeon)
Armour
 a - a +0 robe (worn)
Scrolls
 g - a scroll of blinking
Potions
 b - a potion of lignification
 c - a potion of curing
 e - a potion of haste
 f - a potion of berserk rage


   Skills:
 + Level 26.5 Fighting
 + Level 22.8 Axes
 + Level 26.4 Armour
 O Level 27 Dodging
 + Level 24.5 Stealth
 + Level 26.5 Unarmed Combat
 + Level 21.0 Spellcasting
 + Level 26.5 Invocations


You knew the following spells:

 Your Spells              Type           Power      Damage    Failure   Level
a - Beastly Appendage     Tmut           100%       N/A       0%          1
b - Wereblood             Tmut           76%        N/A       0%          2
c - Spider Form           Tmut/Pois      76%        N/A       0%          3
d - Ice Form              Ice/Tmut       76%        N/A       0%          4
e - Kiss of Death         Conj/Necr      100%       2d13      0%          1
f - Ensorcelled Hibernat  Hex/Ice        100%       N/A       0%          2
g - Scorch                Fire           100%       2d10      0%          2
h - Teleport Other        Tloc           76%        N/A       0%          3
i - Freezing Cloud        Conj/Ice/Air   38%        6-21      0%          5
j - Irradiate             Conj/Tmut      38%        3d24      0%          5
k - Conjure Ball Lightni  Conj/Air       38%        3x3d12    1%          6
l - Iron Shot             Conj/Erth      38%        9d8       1%          6
m - Monstrous Menagerie   Summ           38%        N/A       1%          7
n - Orb of Destruction    Conj           38%        9d11      1%          7
Your spell library was empty.

Dungeon Overview and Level Annotations

Branches:
Dungeon (1/1)

Altars:
Makhleb


Innate Abilities, Weirdness & Mutations

You are immune to sickness and miasma.
You are immune to poison.
Your flesh is very heat resistant. (rF++)
You are vulnerable to cold. (rC-)
You float through the air rather than walking.
You learn spells naturally, not from books.
Your magical power is your life essence.
You have superior vitality. (+4 MHP)


Message History

The sphere of damnation explodes!
The damnation engulfs you!!
You hear a shout!
You hear a shout! x12
A dread comes into view.
You hear a shout! x2
The dread throws damnation at you.
The sphere of damnation explodes!
The damnation engulfs you!!!
The eight-headed meat hydra calls on the powers of darkness!
The eight-headed meat hydra convulses!
Your body is wracked with pain!
* * * LOW HITPOINT WARNING * * *
The large bag of meat convulses!
Flame seeps out of the large bag of meat.
You hear a shout!
You hear a bark!
You hear two shouts!
You hear a roar!
You hear a shout! x2
You hear a shout! x2
A meat berserker comes into view. It is wielding a +9 battleaxe.
A meat beast comes into view.
The meat berserker rages.
You hear a shout! x9
The large bag of meat is engulfed in blazing flames.
The dread calls on the powers of darkness!
The eight-headed meat hydra convulses!
Your body is wracked with pain!
* * * LOW HITPOINT WARNING * * *
The large bag of meat convulses!
Flame seeps out of the large bag of meat.
The meat berserker rages.
You hear a shout!
The eight-headed meat hydra calls on the powers of darkness!
The eight-headed meat hydra convulses!
The meat berserker convulses!
The large bag of meat convulses!
Flame seeps out of the large bag of meat.
Your body is wracked with pain!
* * * LOW HITPOINT WARNING * * *
You hear a shout! x4; The meat beast barks!
Okay, then.
You hear a shout! x11
A bag of meat comes into view. It is wielding a +9 war axe.
The dread throws damnation at you.
The sphere of damnation explodes!
The damnation engulfs you!!
You die...

.. o...W #.
...# #.. ...# .
.###.. ...###.o
......###......
...D.._.W...
#....)# #_OO)@#
#.°.))#
....2._.....
......###......
.###.. ...###..
#.. .O.# . #.
...# .. .....


You could see a meat beast (fast), an eight-headed meat hydra, a large bag of
meat (inner flame), 2 dreads, 2 meat berserkers and a bag of meat.

Vanquished Creatures
  2 royal mummies (D)
  A wraith (D)
  11 ogres (D)
  2 liches (D)
  7 orcs (D)
  2 skeletal warriors (D)
25 creatures vanquished.

Notes
Turn   | Place    | Note
-------+----------+-------------------------------------------
     0 | D        | Found the +∞ Axe of Woe
     0 | D        | BigDaddyOpFi the Djinni Transmuter began the quest for the
                  | Orb.
     0 | D        | BigDaddyOpFi set off with the following spells memorised:
                  | Beastly Appendage, Wereblood, Spider Form, Ice Form.
     0 | D        | Reached XP level 1. HP: 17/17 MP: 0/0
     2 | D        | Noticed a bag of meat
     4 | D        | Noticed a bag of meat
     4 | D        | Became a worshipper of Makhleb the Destroyer
     7 | D        | Killed a bag of meat
     8 | D        | Reached skill level 10 in Dodging
     8 | D        | Reached XP level 2. HP: 34/34 MP: 0/0
     8 | D        | Reached XP level 3. HP: 40/40 MP: 0/0
     8 | D        | Learned a level 1 spell: Kiss of Death
     8 | D        | Reached XP level 4. HP: 45/45 MP: 0/0
     8 | D        | Reached XP level 5. HP: 50/50 MP: 0/0
     8 | D        | Learned a level 2 spell: Ensorcelled Hibernation
     8 | D        | Reached XP level 6. HP: 57/57 MP: 0/0
     8 | D        | Reached XP level 7. HP: 61/61 MP: 0/0
     8 | D        | Learned a level 2 spell: Scorch
     8 | D        | Reached XP level 8. HP: 67/67 MP: 0/0
     8 | D        | Reached XP level 9. HP: 73/73 MP: 0/0
     8 | D        | Learned a level 3 spell: Teleport Other
     8 | D        | Reached XP level 10. HP: 78/78 MP: 0/0
     8 | D        | Reached XP level 11. HP: 84/84 MP: 0/0
     8 | D        | Learned a level 5 spell: Freezing Cloud
     8 | D        | Killed a bag of meat
     8 | D        | Reached * piety under Makhleb
     8 | D        | Noticed a meat berserker
     9 | D        | Reached skill level 10 in Armour
     9 | D        | Reached skill level 12 in Dodging
     9 | D        | Reached XP level 12. HP: 94/94 MP: 0/0
    10 | D        | Killed a meat berserker
    10 | D        | Noticed a bag of meat
    11 | D        | Reached skill level 10 in Axes
    11 | D        | Reached skill level 14 in Dodging
    11 | D        | Reached skill level 10 in Spellcasting
    11 | D        | Reached XP level 13. HP: 102/102 MP: 0/0
    11 | D        | Learned a level 5 spell: Irradiate
    11 | D        | Noticed a meat berserker
    12 | D        | Noticed a meat berserker
    12 | D        | Noticed a bag of meat
    13 | D        | Noticed a bag of meat
    13 | D        | Noticed a bag of meat
    16 | D        | Killed a meat berserker
    16 | D        | Killed a meat berserker
    16 | D        | Reached ** piety under Makhleb
    17 | D        | Reached skill level 16 in Dodging
    17 | D        | Reached skill level 15 in Unarmed Combat
    17 | D        | Reached skill level 15 in Invocations
    17 | D        | Reached XP level 14. HP: 66/112 MP: 0/0
    17 | D        | Reached XP level 15. HP: 70/118 MP: 0/0
    17 | D        | Learned a level 6 spell: Conjure Ball Lightning
    18 | D        | Reached skill level 15 in Fighting
    18 | D        | Reached skill level 15 in Armour
    22 | D        | Reached skill level 17 in Dodging
    24 | D        | Noticed a meat berserker
    29 | D        | Killed a meat berserker
    29 | D        | Reached *** piety under Makhleb
    30 | D        | Reached skill level 18 in Dodging
    30 | D        | Reached skill level 15 in Stealth
    30 | D        | Reached XP level 16. HP: 129/129 MP: 0/0
    34 | D        | Noticed a sculptor of flesh
    34 | D        | Killed a sculptor of flesh
    35 | D        | Noticed a sculptor of flesh
    36 | D        | Killed a sculptor of flesh
    46 | D        | Noticed a tyrant
    48 | D        | Noticed an accursed
    48 | D        | Noticed a meat berserker
    50 | D        | Killed a meat berserker
    50 | D        | Reached **** piety under Makhleb
    50 | D        | Noticed a meat berserker
    51 | D        | Reached skill level 15 in Axes
    51 | D        | Reached skill level 19 in Dodging
    51 | D        | Reached XP level 17. HP: 125/138 MP: 0/0
    51 | D        | Learned a level 6 spell: Iron Shot
    54 | D        | Killed a meat berserker
    55 | D        | Reached skill level 20 in Dodging
    58 | D        | Noticed a meat berserker
    59 | D        | Noticed a dread
    61 | D        | Noticed a meat berserker
    62 | D        | Noticed a meat berserker
    63 | D        | Killed a meat berserker
    64 | D        | Reached skill level 21 in Dodging
    64 | D        | Reached skill level 15 in Spellcasting
    64 | D        | Noticed a tentacled monstrosity
    64 | D        | Killed an accursed
    64 | D        | Killed a meat berserker
    64 | D        | Reached ***** piety under Makhleb
    64 | D        | Killed a meat berserker
    65 | D        | Reached skill level 23 in Dodging
    65 | D        | Reached XP level 18. HP: 137/155 MP: 0/0
    65 | D        | Reached XP level 19. HP: 141/160 MP: 0/0
    65 | D        | Learned a level 7 spell: Monstrous Menagerie
    65 | D        | Noticed a meat berserker
    66 | D        | Noticed a tyrant
    68 | D        | Killed a dread
    68 | D        | Noticed an accursed
    69 | D        | Reached skill level 24 in Dodging
    69 | D        | Noticed an accursed
    70 | D        | Killed a meat berserker
    70 | D        | Noticed a meat berserker
    71 | D        | Reached skill level 25 in Dodging
    71 | D        | Reached XP level 20. HP: 171/171 MP: 0/0
    71 | D        | Killed a tyrant
    72 | D        | Reached skill level 26 in Dodging
    74 | D        | Noticed a dread
    75 | D        | Noticed a meat beast
    76 | D        | Noticed a tentacled monstrosity
    76 | D        | Noticed a tentacled monstrosity
    76 | D        | Killed a meat berserker
    76 | D        | Reached ****** piety under Makhleb
    76 | D        | Killed an accursed
    77 | D        | Reached skill level 27 in Dodging
    77 | D        | Reached XP level 21. HP: 153/184 MP: 0/0
    77 | D        | Learned a level 7 spell: Orb of Destruction
    77 | D        | Noticed a large bag of meat
    78 | D        | Killed a tyrant
    80 | D        | Noticed an eight-headed meat hydra
    80 | D        | Noticed a meat berserker
    80 | D        | Noticed a destroyer
    81 | D        | Noticed a dread
    82 | D        | Noticed a meat berserker
    82 | D        | Noticed a meat beast
    83 | D        | Killed from afar by a dread

Illustrated notes

Levels and vault maps discovered:
D:        meatsprint

Skill      XL: |  1  2  3  4  5  6  7  8  9 10 11 12 13 14 15 16 17 18 19 20 21 |
---------------+----------------------------------------------------------------+-----
Fighting       | 9 11 12 14 16 18 21 23 26 | 26.5
Axes           | 7 9 10 12 14 15 18 20 22 | 22.8
Armour         | 9 10 12 14 16 17 21 23 25 26 | 26.4
Dodging        | 10 12 14 16 18 19 23 25 27 | 27.0
Stealth        | 8 9 11 13 15 16 20 21 24 | 24.5
Unarmed Combat | 9 11 13 15 16 18 22 23 26 | 26.5
Spellcasting   | 7 8 10 11 13 14 17 18 20 21 | 21.0
Invocations    | 9 11 12 15 16 18 21 23 26 | 26.5

Action                     |  1- 3 |  4- 6 |  7- 9 | 10-12 | 13-15 | 16-18 | 19-21 || total
---------------------------+-------+-------+-------+-------+-------+-------+-------++-------
  Melee: Executioner's axe |     1 |       |       |     2 |     4 |     6 |     7 ||    20
    Use: Potion            |       |       |       |       |       |     1 |       ||     1
   Stab: Distracted        |       |       |       |       |       |     1 |       ||     1

Table legend: (Time is in decaauts)
 A = Elapsed time spent in this place.
 B = Non-inter-level travel time spent in this place.
 C = Inter-level travel time spent in this place.
 D = Time resting spent in this place.
 E = Time spent auto-exploring this place.
 F = Levels seen in this place.
 G = Mean time per level.
                   A        B        C        D        E       F      G
               +--------+--------+--------+--------+--------+-----+--------+
         Total |     85 |     85 |      0 |      0 |      0 |   1 |   85.0 |
       Dungeon |     85 |     85 |      0 |      0 |      0 |   1 |   85.0 |
               +--------+--------+--------+--------+--------+-----+--------+

Top non-repeatable levels by time:
       D: 85 daAuts
